Map: Automaton LE

Players

Shinypants

  • Race: Terran Terran
  • League: Platinum
  • Spawn Location: 3:00

Yocto - Winner!

  • Race: Zerg Zerg
  • League: Platinum
  • Spawn Location: 9:00

VOD

Have the link to the VOD?

Description

Time

  • Played on: Dec. 22, 2018, 10:28 a.m.
  • Length: 24:08
Show
View Real Time Build Order
Export as new Build Order

Shinypants Terran 

Build Orders: Command Center First (CC) 

Get SALT Encoding   

  12  0:01  SCV  
  13  0:13  SCV  
  14  0:18  Supply Depot  
  14  0:25  SCV  
  15  0:40  SCV  
  16  0:52  SCV  
  17  1:02  Command Center  
  17  1:05  SCV  
  18  1:17  SCV  
  19  1:20  Barracks  
  19  1:29  SCV  
  19  1:32  Barracks  
  20  1:41  SCV  
  20  1:45  Barracks  
  21  1:53  SCV  
  22  1:58  Barracks  
  22  2:05  SCV  
  23  2:08  Refinery  
  23  2:13  Marine  
  24  2:16  SCV  
  24  2:19  Marine  
  26  2:24  Supply Depot  
  26  2:25  SCV  
  26  2:28  SCV  
  28  2:36  Marine x2  
  30  2:37  SCV  
  31  2:46  Bunker  
  31  2:48  SCV  
  31  2:49  SCV  
  31  2:50  Marine  
  34  2:59  Marine x2  
  34  3:05  Barracks Tech Lab  
  36  3:08  Marine  
  36  3:10  SCV x2  
  39  3:17  Marine  
  39  3:19  Supply Depot  
  40  3:22  SCV x2  
  40  3:23  Marine  
  40  3:24  Marine  
  40  3:26  Combat Shield  
  44  3:29  Marine  
  45  3:34  Marine  
  45  3:39  Supply Depot  
  45  3:41  SCV x2  
  48  3:50  Marine x3  
  48  3:52  Marine  
  48  3:53  SCV  
  53  4:03  Supply Depot x2  
  53  4:08  Marine x2, SCV x2  
  57  4:11  Marine x2  
  59  4:18  Refinery  
  59  4:20  SCV  
  59  4:22  SCV  
  61  4:25  Refinery  
  61  4:26  Marine  
  62  4:32  SCV  
  62  4:37  Refinery  
  63  4:43  Command Center  
  63  4:44  SCV x2  
  63  4:45  Marine x2  
  66  4:50  Stimpack  
  67  5:04  Marine x3  
  67  5:05  Marine  
  71  5:16  Barracks  
  71  5:18  Barracks x2  
  71  5:22  Marine  
  71  5:25  Orbital Command  
  71  5:27  Barracks  
  72  5:32  Orbital Command  
  67  6:00  Marine x2  
  67  6:01  Marine x2  
  54  6:10  Bunker  
  54  6:12  SCV x2  
  54  6:16  Orbital Command  
  56  6:18  Marine x3  
  56  6:19  Marine  
  56  6:20  Engineering Bay  
  56  6:22  Barracks Tech Lab, Engineering Bay  
  56  6:23  Barracks Tech Lab  
  56  6:24  SCV x2  
  62  6:26  Barracks Tech Lab  
  62  6:30  Barracks Reactor  
  62  6:36  SCV x2  
  62  6:39  Factory  
  58  6:48  SCV  
  54  6:54  Marine x3, Marauder x4  
  46  7:07  Marine x2  
  39  7:12  Marine x3  
  39  7:15  Marine x2  
  44  7:26  Factory Reactor  
  44  7:28  Marauder x2  
  48  7:30  Concussive Shells  
  48  7:50  Orbital Command  
  43  8:06  Hellion x2  
  47  8:13  Starport  
  47  8:16  Marine x5  
  47  8:17  Marine  
  53  8:25  Supply Depot  
  53  8:31  Marauder x3  
  53  8:32  SCV x2  
  61  8:41  Supply Depot  
  61  8:47  SCV x2  
  63  8:54  Supply Depot  
  63  8:59  Barracks Reactor  
  63  9:00  Barracks Reactor  
  63  9:01  Barracks Reactor  
  63  9:02  Medivac x2  
  67  9:12  SCV x3  
  70  9:21  Supply Depot  
  70  9:22  Supply Depot  
  70  9:23  Supply Depot  
  70  9:24  SCV x2  
  70  9:25  SCV  
  70  9:29  Terran Infantry Armor Level 1, Terran Infantry Weapons Level 1  
  73  9:35  Armory  
  73  9:36  SCV x2  
  73  9:37  Marauder x2  
  79  9:39  SCV  
  79  9:45  Refinery  
  80  9:47  Supply Depot  
  80  9:49  SCV x2  
  80  9:51  SCV  
  83  9:57  Medivac x2  
  87  10:05  Missile Turret  
  87  10:09  Missile Turret  
  87  10:13  Missile Turret  
  87  10:14  Marauder  
  89  10:15  Missile Turret  
  89  10:17  Missile Turret  
  89  10:18  Marine x3  
  89  10:19  Marine x2  
  94  10:26  Terran Vehicle And Ship Armor Level 1  
  94  10:31  Missile Turret  
  94  10:37  Marine, Marauder x2, Refinery  
  94  10:38  Marine  
  100  10:42  Marine  
  100  10:43  Marine x3  
  104  10:55  Supply Depot  
  104  10:56  Supply Depot  
  104  10:59  Marine x5  
  109  11:05  Medivac  
  109  11:07  Medivac  
  113  11:13  Marine, Marauder  
  113  11:14  Marine  
  117  11:19  Orbital Command  
  117  11:21  Supply Depot  
  117  11:51  SCV x3  
  120  12:03  SCV  
  120  12:07  Medivac x2  
  127  12:08  Marauder  
  127  12:09  Marine x5, Marauder x3  
  127  12:10  Marine, Refinery  
  109  12:15  Refinery  
  78  12:30  Marauder  
  78  12:31  Marine, Marauder x3  
  78  12:32  Marine x7  
  89  12:38  Orbital Command  
  89  12:49  Marine x3  
  89  12:50  Marine  
  95  12:51  Marauder  
  95  12:52  Marauder x2  
  95  12:53  Marauder  
  95  12:57  Terran Infantry Weapons Level 2  
  101  13:11  SCV x2  
  101  13:12  SCV  
  104  13:23  SCV  
  104  13:26  Terran Infantry Armor Level 2  
  81  13:49  Liberator  
  81  13:50  Marine, Marauder x3, Liberator  
  81  13:51  Marauder  
  90  14:05  Refinery  
  96  14:10  Terran Ship Weapons Level 1  
  96  14:11  Marauder  
  96  14:12  Marauder  
  96  14:13  Marine x5, Marauder x2  
  96  14:14  Marine x3  
  112  14:24  Supply Depot  
  112  14:31  Marine x5  
  113  14:32  Liberator x2  
  113  14:33  Marauder x2  
  113  14:34  Marauder x2  
  113  14:37  Supply Depot  
  125  14:45  SCV x2  
  133  14:54  Marauder x2  
  133  14:55  Marauder  
  141  15:00  Marine x6, Marauder  
  141  15:01  Marine, Supply Depot  
  148  15:11  Marine  
  149  15:16  Marauder x2  
  149  15:17  Marauder, Terran Infantry Weapons Level 3  
  149  15:18  Marine x2  
  157  15:22  Marine, Marauder  
  157  15:28  Supply Depot  
  160  15:31  Marine x4  
  160  15:32  Marine  
  160  15:33  Supply Depot  
  165  15:35  Marine  
  165  15:37  Marauder x2  
  170  15:43  Terran Infantry Armor Level 3  
  170  15:49  Supply Depot  
  170  16:09  Marine x4, Marauder x4  
  170  16:10  Marine x2  
  184  16:15  Orbital Command  
  184  16:19  Missile Turret  
  182  16:30  Marauder  
  175  16:40  SCV  
  175  16:41  SCV x2  
  175  16:44  Liberator  
  175  16:45  Liberator  
  178  16:53  SCV x3  
  181  17:06  Factory  
  94  17:29  Marine, Marauder x4  
  102  17:30  Marine x7  
  102  17:36  Missile Turret  
  110  17:37  Missile Turret  
  110  17:39  Missile Turret  
  110  17:41  Missile Turret  
  110  17:43  Command Center  
  110  17:45  SCV  
  110  17:47  Marine  
  110  17:48  Marine x6  
  110  17:50  Marauder x3, Medivac x2  
  110  17:51  Marauder  
  103  18:09  SCV x3  
  103  18:12  Marauder x2  
  110  18:21  SCV x3  
  113  18:29  Missile Turret  
  113  18:31  Missile Turret x2  
  113  18:32  Marine x6, Marauder x2  
  113  18:33  Marine, Marauder, SCV x3  
  129  18:44  Factory Tech Lab  
  129  18:49  Starport  
  129  18:56  Planetary Fortress  
  129  19:00  Refinery  
  129  19:03  Hi-Sec Auto Tracking  
  129  19:04  Neosteel Armor  
  129  19:05  Refinery  
  129  19:07  Starport  
  129  19:10  Starport  
  129  19:17  Viking x2  
  133  19:35  Missile Turret  
  133  19:37  Missile Turret  
  133  19:45  Command Center  
  133  19:47  Starport Tech Lab x2  
  133  19:54  Terran Ship Weapons Level 2  
  133  19:57  Starport Tech Lab  
  49  20:40  Marine x10  
  49  20:41  Marine x2  
  49  20:42  Viking x3  
  54  20:43  Viking x2  
  56  20:58  Marine x2  
  56  20:59  Planetary Fortress  
  51  21:12  Viking  
  45  21:31  Orbital Command  
  30  22:01  SCV x2  
  32  22:11  Marine x2  
  32  22:12  Marine x6  
  32  22:13  SCV x2  
  38  22:15  Marine  
  38  22:16  Marine x3  
  42  22:23  Viking x2  
  42  22:29  Marine x3  
  48  22:30  Marine  
  28  22:44  Viking  
  28  22:48  Marine  
  28  22:49  Marine  
  27  22:53  Viking x2  
  16  23:14  Viking  
  18  23:23  Viking  
Show
View Real Time Build Order
Export as new Build Order

Yocto Zerg - Winner!

Build Orders: Hatch First, Muta Ling Bane 

Get SALT Encoding   

  12  0:02  Drone  
  13  0:13  Overlord  
  13  0:18  Drone  
  14  0:33  Drone x2  
  16  0:36  Drone  
  17  0:54  Hatchery  
  16  0:57  Drone  
  16  1:02  Extractor  
  16  1:03  Drone  
  17  1:21  Spawning Pool  
  17  1:22  Drone  
  17  1:26  Drone  
  17  1:31  Drone  
  19  1:42  Drone  
  20  1:51  Overlord  
  20  2:08  Zergling x4  
  22  2:09  Queen  
  22  2:11  Queen  
  26  2:17  Metabolic Boost  
  26  2:21  Drone  
  27  2:24  Drone  
  27  2:25  Drone  
  29  2:49  Hatchery  
  28  2:54  Drone x3  
  31  3:08  Baneling Nest  
  31  3:09  Overlord  
  30  3:18  Overlord  
  30  3:27  Queen  
  30  3:32  Overlord x2  
  32  3:37  Drone x3  
  35  3:44  Queen  
  37  3:53  Drone x3  
  40  4:09  Drone x4  
  44  4:12  Zergling x4  
  44  4:13  Zergling x6  
  49  4:19  Queen  
  51  4:27  Zergling x8  
  55  4:32  Baneling x4  
  55  4:36  Zergling x4  
  55  4:37  Zergling x2  
  58  4:45  Extractor, Drone  
  58  4:47  Drone x3  
  58  4:52  Extractor  
  60  4:53  Drone x2  
  60  4:55  Drone x3  
  60  4:56  Drone  
  66  5:08  Lair  
  66  5:13  Overlord  
  66  5:14  Overlord x2  
  65  5:29  Baneling x4  
  65  5:34  Zergling x2  
  65  5:35  Zergling x18  
  75  5:36  Zergling x2  
  75  5:37  Spine Crawler  
  75  5:40  Baneling x2  
  75  5:48  Zergling x6  
  75  5:49  Zergling x6  
  73  6:11  Drone x6  
  79  6:19  Hydralisk Den, Baneling x6  
  79  6:20  Baneling x2  
  79  6:23  Queen  
  79  6:25  Extractor  
  79  6:28  Drone x2  
  79  6:29  Drone  
  75  6:55  Zergling x10  
  75  6:56  Zergling x20  
  90  7:08  Extractor  
  88  7:21  Baneling  
  88  7:22  Baneling x16  
  87  7:23  Baneling x7  
  87  7:25  Zergling x6  
  87  7:27  Overlord x3  
  90  7:38  Centrifical Hooks  
  90  7:39  Evolution Chamber  
  90  7:40  Evolution Chamber  
  65  8:12  Spire  
  64  8:18  Drone x5  
  64  8:19  Drone  
  70  8:31  Zerg Ground Armor Level 1, Zerg Melee Weapons Level 1  
  70  8:40  Hydralisk  
  70  8:41  Hydralisk x2  
  72  8:47  Extractor  
  75  9:04  Drone x2  
  75  9:05  Drone  
  75  9:07  Hatchery  
  77  9:26  Mutalisk x5  
  77  9:27  Mutalisk  
  89  9:43  Zergling x2, Infestation Pit  
  89  9:44  Zergling x34  
  106  10:11  Drone x3  
  109  10:30  Queen  
  109  10:34  Drone x5  
  109  10:35  Drone x3  
  119  10:36  Overlord x3  
  119  10:37  Overlord x6  
  119  10:45  Hive  
  119  10:54  Overlord x5  
  119  10:59  Muscular Augments  
  119  11:01  Zerg Melee Weapons Level 2  
  119  11:02  Zerg Ground Armor Level 2  
  119  11:06  Extractor  
  119  11:07  Extractor  
  117  11:29  Zergling x2  
  117  11:30  Zergling x38  
  136  11:52  Zergling x10  
  136  11:53  Zergling x4  
  143  12:02  Ultralisk Cavern  
  81  12:31  Zergling x20  
  81  12:32  Zergling x12  
  96  12:52  Chitinous Plating  
  96  12:54  Ultralisk  
  96  12:55  Ultralisk x7  
  137  13:12  Zergling x2  
  134  13:13  Zergling x6, Baneling  
  134  13:14  Baneling x7  
  134  13:15  Baneling  
  134  13:18  Drone x2  
  134  13:19  Drone x2  
  141  13:30  Zergling x10  
  144  13:37  Baneling x5  
  144  13:38  Baneling x2  
  128  13:48  Mutalisk x2  
  128  13:49  Mutalisk x8  
  128  13:50  Mutalisk x2  
  128  13:52  Queen  
  154  14:15  Drone x3  
  157  14:17  Drone  
  157  14:18  Drone x3  
  157  14:23  Zerg Melee Weapons Level 3  
  161  14:24  Zerg Ground Armor Level 3  
  161  14:52  Drone x4  
  165  14:53  Drone  
  165  14:58  Adrenal Glands  
  166  15:01  Greater Spire  
  166  15:05  Zergling x2  
  166  15:06  Zergling x38  
  186  15:32  Extractor  
  185  15:51  Corruptor x6  
  197  16:04  Baneling x8  
  197  16:05  Baneling x2  
  97  17:26  Corruptor x5  
  97  17:27  Corruptor x3  
  113  17:31  Zergling x2  
  113  17:32  Zergling x42  
  113  17:33  Zergling x6  
  138  17:43  Brood Lord x3  
  132  18:00  Zergling x20  
  138  18:11  Brood Lord x7  
  138  18:12  Brood Lord  
  154  18:13  Corruptor x4  
  162  18:34  Extractor  
  162  18:35  Hatchery  
  162  18:38  Extractor  
  159  18:46  Corruptor  
  159  18:47  Corruptor x7  
  159  18:48  Corruptor x2  
  177  18:53  Zerg Flyer Weapons Level 1  
  179  19:05  Extractor  
  179  19:07  Hatchery  
  179  19:08  Extractor  
  179  19:09  Extractor  
  175  19:16  Corruptor x3  
  175  19:17  Corruptor  
  183  19:25  Zergling x16  
  183  19:26  Zergling x6  
  194  19:55  Baneling x4  
  194  19:56  Baneling x3  
  184  20:39  Zergling x10  
  184  20:40  Zergling x12  
  187  21:05  Zergling x10  
  187  21:06  Zergling x14  
  199  21:27  Zerg Flyer Armor Level 1  
  191  22:18  Baneling x4  
  191  22:19  Zergling x4  
  191  22:20  Zergling x12  
  195  22:57  Baneling x2  
  195  22:58  Baneling x5  
  195  23:24  Brood Lord x2  
Tags
 
Add a new tag
Caveats
  • Supply blocks, unpowered buildings, or Contaminate may cause inaccurate times.
  • Supply counts are checked every 10 seconds.